 Dungeon Crawl Stone Soup version 0.30.1-11-g7821555f0a (webtiles) character file.

Game seed: 17685697691393856252

32956 Eitelfritz the Fencer (level 13, -2/109 HPs)
             Began as a Minotaur Gladiator on Jan 5, 2024.
             Was an Elder of Hepliaklqana.
             Slain by a minotaur
             ... wielding the +7 broad axe of the Spectre {pain, rF+ Int+2}
              (3 damage)
             ... in a Gauntlet.
             The game lasted 00:42:25 (12587 turns).

Eitelfritz the Fencer (Minotaur Gladiator)         Turns: 12587, Time: 00:42:25

Health: -2/109     AC: 17    Str: 19    XL:     13   Next: 34%
Magic:  12/12      EV: 22    Int:  9    God:    Hepliaklqana [****..]
Gold:   715        SH:  0    Dex: 16    Spells: 12/12 levels left

rFire   . . .        a - +6 scimitar (flame)
rCold   . . .        (no shield)
rNeg    . . .        G - +0 acid dragon scales
rPois   .            c - +2 hat
rElec   .            C - +0 cloak
rCorr   +            V - +0 pair of gloves {Dex+3}
SInv    .            (no boots)
Will    .....        r - amulet of regeneration
Stlth   +++          J - +4 ring of protection
HPRegen 1.18/turn    S - +5 ring of evasion
MPRegen 0.13/turn

%: no teleportation
@: hasted, studying Long Blades, very quick
A: reduced essence, horns 2, retaliatory headbutt, screaming 1
a: Renounce Religion, Recall Ancestor, Ancestor Identity, Transference, Idealise


You were in a Gauntlet.
You worshipped Hepliaklqana.
Hepliaklqana was greatly pleased with you.
You visited 3 branches of the dungeon, and saw 16 of its levels.
You also visited: Gauntlet.

You collected 715 gold pieces.

Inventory:

Hand Weapons
 a - a +6 scimitar of flaming (weapon)
 b - a +0 shortbow of flaming
 Q - a +2 long sword
Missiles
 d - 3 throwing nets (quivered)
 e - 11 javelins
 y - 4 atropa-tipped darts
 F - 3 silver boomerangs
 I - 22 poisoned darts
Armour
 c - a +2 hat (worn)
 C - a +0 cloak (worn)
 G - +0 acid dragon scales (worn)
 L - +0 steam dragon scales
 M - the +0 ring mail of Noon {Str+3 Stlth+}
   (You found it on level 11 of the Dungeon)

   Str:       It affects your strength (+3).
   Stlth:     It makes you more stealthy.
 T - a +0 troll leather armour
 V - a +0 pair of gloves of dexterity (worn)
Jewellery
 j - the ring of Daisies {rF+ rN+}
   (You found it in a Gauntlet)

   [ring of protection from fire]

   rF:        It protects you from fire.
   rN:        It protects you from negative energy.
 k - an amulet of faith
 r - an amulet of regeneration (around neck)
 u - an amulet of reflection
 J - a +4 ring of protection (left hand)
 R - a +4 ring of protection
 S - a +5 ring of evasion (right hand)
Wands
 h - a wand of paralysis (12)
 l - a wand of flame (13)
 m - a wand of digging (7)
 s - a wand of mindburst (20)
 E - a wand of iceblast (19)
 H - a wand of acid (2)
 O - a wand of polymorph (7)
Scrolls
 g - 2 scrolls of fog
 o - 4 scrolls of fear
 p - a scroll of torment {unknown}
 x - 3 scrolls of blinking
 N - 3 scrolls of teleportation
 P - a scroll of magic mapping
 W - a scroll of enchant armour
Potions
 f - 2 potions of berserk rage
 i - 2 potions of brilliance
 n - a potion of mutation
 q - 3 potions of lignification
 t - 6 potions of curing
 v - 2 potions of might
 w - 2 potions of flight
 z - a potion of cancellation {unknown}
 B - a potion of resistance {unknown}
 D - 3 potions of attraction
 K - a potion of haste
 U - a potion of magic {unknown}


   Skills:
 + Level 13.2 Fighting
 + Level 18.2 Long Blades
 + Level 3.7 Ranged Weapons
 + Level 2.5 Throwing
 + Level 9.6 Armour
 + Level 11.1 Dodging
 + Level 6.6 Stealth
 * Level 5.1 Unarmed Combat


You had 12 spell levels left.
You didn't know any spells.
Your spell library contained the following spells:

 Spells                   Type           Power      Damage    Failure   Level
 Freeze                   Ice            0%         1d3       45%         1
 Sublimation of Blood     Necr           0%         N/A       58%         2
 Frozen Ramparts          Ice            0%         1d1       83%         3
 Hailstorm                Conj/Ice       0%         3d3       83%         3
 Summon Guardian Golem    Hex/Summ       0%         N/A       83%         3
 Petrify                  Tmut/Erth      0%         N/A       99%         4
 Summon Lightning Spire   Summ/Air       0%         N/A       99%         4
 Irradiate                Conj/Tmut      0%         3d11      100%        5
 Malign Gateway           Summ/Tloc      0%         N/A       100%        7
 Orb of Destruction       Conj           0%         9d5       100%        7
 Spellforged Servitor     Conj/Summ      0%         N/A       100%        7
 Storm Form               Tmut/Air       0%         N/A       100%        7
 Maxwell's Capacitive Co  Air            0%         ∞         100%        8
 Summon Horrible Things   Summ           0%         N/A       100%        8


Dungeon Overview and Level Annotations

Branches:
Dungeon (14/15)            Temple (1/1) D:4            Lair (1/5) D:9
    Orc (0/2) D:11         Vaults (0/5) D:14        Gauntlet (1/1)

Altars:
Ashenzari
Cheibriados
Elyvilon
Fedhas
Gozag
Hepliaklqana
Kikubaaqudgha
Makhleb
Nemelex Xobeh
Okawaru
Qazlal
Ru
Sif Muna
Trog
Uskayaw
Vehumet
Wu Jian
Xom
Yredelemnul
Zin
The Shining One

Portals:
Trove: D:12 (give 12 potions of heal wounds)

Annotations:
D:14 Nessos, Rupert Gauntlet 8 transporters


Innate Abilities, Weirdness & Mutations

Your life essence is reduced to manifest your ancestor. (-10% HP)
You have a pair of horns on your head.
You reflexively headbutt those who attack you in melee.
You occasionally shout uncontrollably at your foes.


Message History

You writhe in agony.
* * * LOW HITPOINT WARNING * * *
The minotaur hits Æthelred with the +7 broad axe of the Spectre {pain, rF+ Int+2}!!
The minotaur closely misses you. Æthelred hits the minotaur but does no damage.
You feel much better. Æthelred misses the minotaur.
The minotaur hits you but does no damage.
The minotaur hits Æthelred with the +7 broad axe of the Spectre {pain, rF+ Int+2}! Æthelred is destroyed!
The minotaur closely misses you.
You feel yourself speed up.
The minotaur hits you with the +7 broad axe of the Spectre {pain, rF+ Int+2}!
* * * LOW HITPOINT WARNING * * *
The minotaur barely misses you.
You hit the minotaur but do no damage.
You headbutt the minotaur, but do no damage.
The minotaur is moderately wounded.
You hit the minotaur but do no damage.
You headbutt the minotaur, but do no damage.
The minotaur is moderately wounded.
The minotaur hits you with the +7 broad axe of the Spectre {pain, rF+ Int+2}!
* * * LOW HITPOINT WARNING * * *
The minotaur barely misses you.
Unknown command.
You hit the minotaur. You burn the minotaur.
The minotaur is moderately wounded.
You slash the minotaur! You burn the minotaur.
The minotaur is heavily wounded.
The minotaur hits you with the +7 broad axe of the Spectre {pain, rF+ Int+2}!
* * * LOW HITPOINT WARNING * * *
You writhe in agony.
* * * LOW HITPOINT WARNING * * *
The minotaur barely misses you.
You feel much better.
You hit the minotaur but do no damage.
The minotaur is heavily wounded.
The minotaur hits you with the +7 broad axe of the Spectre {pain, rF+ Int+2}!!
* * * LOW HITPOINT WARNING * * *
You writhe in agony.
You die...

.©.#.©#..#...########
#.##..#..#.8........#
#.##..#..#...###.##.##
...^#.#..#.8........8#
......#..#..R#.#.....#
#######..#...#.#.#######
........≈#.©.#...#8.8=8?
........∩#...###.'......
........§#.©.#.H@#8.8[8[
#######..#...#.#.#######
.....w#..#...#.#..
####..#..#.8.......
...##.#..#...###.##.
###.#.#..#.8...... .#
.©..#.#..#...##### #
####.##..#§8≈#
....###..#####


You could see a minotaur (drained).

Vanquished Creatures
  Kirke (D:13)
  A great orb of eyes (Gauntlet)
  A hell beast (Gauntlet)
  2 centaur warriors (D:13)
  A boulder beetle (D:11)
  4 two-headed ogres
  5 death yaks (Lair:1)
  A deep elf pyromancer (D:13)
  2 cyclopes
  2 ugly things
  Joseph (D:7)
  8 elephants (Lair:1)
  5 cane toads (Lair:1)
  2 gargoyles (D:11)
  An unseen horror (D:11)
  2 komodo dragons (Lair:1)
  Maggie (D:7)
  An efreet (D:13)
  3 trolls
  A troll (shapeshifter) (D:13)
  A hornet (D:10)
  Sigmund (D:4)
  A water elemental (D:12)
  A wraith (D:12)
  12 yaks
  3 wyverns
  3 fire bats (Lair:1)
  A basilisk (D:13)
  2 steam dragons
  Menkaure (D:5)
  4 vampire mosquitoes (D:13)
  An acid dragon (D:12)
  A water moccasin (Lair:1)
  An ice beast (D:8)
  2 black bears (D:7)
  8 orc warriors
  2 ogres (D:5)
  7 centaurs
  14 wolves (Lair:1)
  3 kobold brigands
  4 bullfrogs
  4 gnoll sergeants
  2 scorpions
  4 killer bees (D:9)
  2 howler monkeys
  An electric eel (D:11)
  A lava snake (Lair:1)
  A crimson imp (D:4)
  4 hounds
  2 orc priests
  A gnoll bouda (D:8)
  A sleepcap (D:6)
  5 iguanas
  Natasha (thrice) (D:4)
  14 orc wizards
  15 gnolls
  7 adders
  2 white imps
  3 worms
  3 dart slugs
  31 orcs
  6 ball pythons
  8 endoplasms
  A giant cockroach (D:2)
  4 goblins
  3 hobgoblins
  3 jackals (D:3)
  7 quokkas
  5 bats
  2 frilled lizards
  14 kobolds
  2 rats
279 creatures vanquished.

Vanquished Creatures (collateral kills)
  3 boulder beetles
  A shining eye (shapeshifter) (D:13)
  An unseen horror (D:12)
  A kobold demonologist (D:11)
  2 trolls (D:11)
  2 wyverns
  3 fire bats (Lair:1)
  2 hogs (D:13)
  A fire elemental (Lair:1)
  A hell hound (Gauntlet)
  2 orc warriors (D:11)
  2 wolves (Lair:1)
  2 centaurs
  2 bullfrogs (Lair:1)
  A howler monkey (D:13)
  2 electric eels (D:11)
  A lava snake (Lair:1)
  2 orc priests (D:11)
  3 orc wizards (D:11)
  3 gnolls (D:12)
  6 orcs
43 creatures vanquished.

Vanquished Creatures (others)
  A human (D:13)
  A swamp drake (D:9)
  3 ancestors
  6 hexers
  3 gnolls
14 creatures vanquished.

Grand Total: 336 creatures vanquished

Notes
Turn   | Place    | Note
-------+----------+-------------------------------------------
     0 | D:1      | Eitelfritz the Minotaur Gladiator began the quest for the
                  | Orb.
     0 | D:1      | Reached XP level 1. HP: 18/18 MP: 0/0
   147 | D:1      | Reached skill level 4 in Long Blades
   147 | D:1      | Reached XP level 2. HP: 25/25 MP: 1/1
   824 | D:2      | Reached XP level 3. HP: 7/30 MP: 2/2
  1166 | D:2      | Found a glowing silver altar of Zin.
  1242 | D:2      | Reached XP level 4. HP: 37/37 MP: 3/3
  1558 | D:3      | Reached skill level 5 in Long Blades
  1558 | D:3      | Reached skill level 1 in Armour
  1660 | D:3      | Reached XP level 5. HP: 45/45 MP: 4/4
  2102 | D:3      | Found a faded altar of an unknown god.
  2390 | D:4      | Noticed Sigmund
  2397 | D:4      | Reached skill level 6 in Long Blades
  2407 | D:4      | Killed Sigmund
  2408 | D:4      | Reached XP level 6. HP: 38/51 MP: 5/5
  2459 | D:4      | Found a sacrificial altar of Ru.
  2468 | D:4      | Found a hide-covered altar of Uskayaw.
  2506 | D:4      | Noticed Natasha
  2514 | D:4      | Killed Natasha
  2565 | D:4      | Found a shimmering altar of Xom.
  2566 | D:4      | Found a burning altar of Makhleb.
  2623 | D:4      | Found a staircase to the Ecumenical Temple.
  2623 | D:4      | Noticed an orc warrior
  2673 | D:4      | Killed an orc warrior
  2674 | D:4      | Reached skill level 7 in Long Blades
  2674 | D:4      | Reached XP level 7. HP: 58/58 MP: 6/6
  2703 | D:4      | Noticed Natasha
  2712 | D:4      | Killed Natasha
  2897 | D:4      | Noticed Natasha
  2905 | D:4      | Killed Natasha
  3125 | D:5      | Entered Level 5 of the Dungeon
  3125 | D:5      | Noticed Menkaure
  3135 | D:5      | Killed Menkaure
  3136 | D:5      | Reached skill level 5 in Dodging
  3136 | D:5      | Reached skill level 1 in Stealth
  3192 | D:5      | Reached skill level 5 in Armour
  3252 | D:5      | Reached skill level 8 in Long Blades
  3276 | D:5      | Reached XP level 8. HP: 21/67 MP: 7/7
  3382 | D:5      | Found a glowing silver altar of Zin.
  3458 | D:5      | Found an opulent altar of Gozag.
  3527 | D:5      | Found a stormy altar of Qazlal.
  3982 | D:6      | Reached skill level 5 in Fighting
  4164 | D:6      | Reached skill level 9 in Long Blades
  4729 | D:7      | Reached skill level 1 in Ranged Weapons
  4821 | D:7      | Noticed Maggie
  4832 | D:7      | Killed Maggie
  4833 | D:7      | Reached XP level 9. HP: 69/75 MP: 8/8
  5141 | D:7      | Noticed Joseph
  5160 | D:7      | Killed Joseph
  5161 | D:7      | Reached skill level 10 in Long Blades
  5504 | D:7      | Reached skill level 11 in Long Blades
  5853 | Temple   | Entered the Ecumenical Temple
  5902 | Temple   | Became a worshipper of Hepliaklqana the Forgotten
  6061 | D:8      | Found an ancient bone altar of Kikubaaqudgha.
  6363 | D:8      | Found an iron altar of Okawaru.
  6552 | D:8      | Reached XP level 10. HP: 81/88 MP: 9/9
  7104 | D:9      | Reached * piety under Hepliaklqana
  7323 | D:9      | Reached skill level 12 in Long Blades
  7411 | D:9      | Found a staircase to the Lair.
  7532 | D:9      | Found a sparkling altar of Nemelex Xobeh.
  7631 | D:10     | Entered Level 10 of the Dungeon
  7897 | D:10     | Found a snail-covered altar of Cheibriados.
  7955 | D:10     | Noticed a two-headed ogre
  7976 | D:10     | Killed a two-headed ogre
  8063 | D:10     | Found a basalt altar of Yredelemnul.
  8063 | D:10     | Found a white marble altar of Elyvilon.
  8064 | D:10     | Found an ornate altar of the Wu Jian Council.
  8206 | D:10     | Found a shimmering blue altar of Sif Muna.
  8379 | D:10     | Identified a scroll of acquirement
  8379 | D:10     | Acquired a manual of Long Blades
  8392 | D:11     | Reached skill level 13 in Long Blades
  8454 | D:11     | Noticed a boulder beetle
  8458 | D:11     | Reached ** piety under Hepliaklqana
  8492 | D:11     | Killed a boulder beetle
  8652 | D:10     | Reached XP level 11. HP: 60/87 MP: 10/10
  8709 | D:10     | Reached skill level 14 in Long Blades
  8711 | D:10     | Remembered your ancestor Æthelred as a hexer
  8798 | D:11     | Noticed a boulder beetle
  8801 | D:11     | Identified the +9 spear of Geemorphiu {holy, Int+2}
  8814 | D:11     | HP: 2/87 [boulder beetle (13)]
  8823 | D:11     | Killed a boulder beetle
  8916 | D:11     | HP: 4/87 [troll (5)]
  9101 | D:11     | Noticed a two-headed ogre
  9109 | D:11     | Killed a two-headed ogre
  9110 | D:11     | Reached skill level 15 in Long Blades
  9254 | D:11     | Noticed a two-headed ogre
  9272 | D:11     | Reached skill level 10 in Fighting
  9278 | D:11     | Killed a two-headed ogre
  9546 | D:11     | Identified the +0 ring mail of Noon {Str+3 Stlth+}
  9652 | D:11     | Found a staircase to the Orcish Mines.
  9924 | D:12     | Found a portal to a secret trove of treasure.
 10296 | D:12     | Noticed a two-headed ogre
 10310 | D:12     | Killed a two-headed ogre
 10652 | D:13     | Noticed a boulder beetle
 10655 | D:13     | a raiju changed into an entropy weaver
 10655 | D:13     | Noticed an entropy weaver (shapeshifter)
 10659 | D:13     | Killed a boulder beetle
 10660 | D:13     | an entropy weaver changed into a troll
 10683 | D:13     | Reached *** piety under Hepliaklqana
 10683 | D:13     | Noticed a deep elf pyromancer
 10699 | D:13     | Killed a deep elf pyromancer
 10747 | D:13     | Reached skill level 16 in Long Blades
 10803 | D:13     | Noticed Kirke
 10821 | D:13     | Killed Kirke
 10822 | D:13     | Reached XP level 12. HP: 70/99 MP: 11/11
 10905 | D:13     | Noticed a centaur warrior
 10925 | D:13     | Killed a centaur warrior
 10949 | D:13     | Reached skill level 5 in Stealth
 10953 | D:13     | Gained mutation: You occasionally shout uncontrollably at
                  | your foes. [a shining eye]
 11007 | D:13     | Noticed a boulder beetle
 11079 | D:13     | Killed a boulder beetle
 11080 | D:13     | Reached skill level 10 in Dodging
 11257 | D:13     | Noticed a centaur warrior
 11268 | D:13     | Killed a centaur warrior
 11516 | D:14     | Noticed Rupert
 11516 | D:14     | Noticed Nessos
 11516 | D:14     | Noticed a tengu warrior
 11516 | D:14     | Noticed a tengu warrior
 11516 | D:14     | Noticed a tengu warrior
 11516 | D:14     | Found a gate to the Vaults.
 11687 | Lair:1   | Entered Level 1 of the Lair of Beasts
 11693 | Lair:1   | Noticed a death yak
 11711 | Lair:1   | Killed a death yak
 11712 | Lair:1   | Reached skill level 17 in Long Blades
 11712 | Lair:1   | Reached skill level 1 in Unarmed Combat
 11879 | Lair:1   | Reached XP level 13. HP: 107/107 MP: 12/12
 12046 | Lair:1   | Reached **** piety under Hepliaklqana
 12107 | Lair:1   | Reached skill level 18 in Long Blades
 12201 | Lair:1   | Found a gate leading to a gauntlet.
 12212 | Gauntlet | Entered a Gauntlet
 12212 | Gauntlet | Found a transporter.
 12212 | Gauntlet | Found a transporter.
 12213 | Gauntlet | Found a transporter.
 12216 | Gauntlet | Found a transporter.
 12216 | Gauntlet | Found a transporter.
 12228 | Gauntlet | Found a transporter.
 12293 | Gauntlet | Found a transporter.
 12307 | Gauntlet | Found a transporter.
 12318 | Gauntlet | Found a transporter.
 12328 | Gauntlet | Found a transporter.
 12343 | Gauntlet | Found a transporter.
 12346 | Gauntlet | Found a transporter.
 12501 | Gauntlet | Identified the ring of Daisies {rF+ rN+}
 12512 | Gauntlet | Reached skill level 5 in Unarmed Combat
 12570 | Gauntlet | Identified the +7 broad axe of the Spectre {pain, rF+
                  | Int+2}
 12570 | Gauntlet | Identified the ring "Juvov" {Fly rC- rCorr EV+5 Dex-2}
 12570 | Gauntlet | Noticed a minotaur
 12585 | Gauntlet | HP: 5/109 [minotaur/the +7 broad axe of the Spectre {pain,
                  | rF+ Int+2} (6)]
 12587 | Gauntlet | HP: 1/109 [minotaur/the +7 broad axe of the Spectre {pain,
                  | rF+ Int+2} (27)]
 12587 | Gauntlet | Slain by a minotaur

Illustrated notes

Levels and vault maps discovered:
D:1:      denvon_arrival_planthouse, layout_loops_ring, minmay_crystal_room,
          hex_large
D:2:      layout_basic, basic_altar
D:3:      layout_loops_ring, chequers_ecumenical_altar_grove
D:4:      layout_basic, grunt_temple_overflow_champion_of_chaos,
          mainiacjoe_overflow_swirl, minmay_temple_entry_statues_fountains,
          uniq_sigmund, uniq_natasha
D:5:      layout_rooms, pdpol_temple_overflow_zin_treasury_gozag_greed,
          grunt_qazlal_sundering, uniq_menkaure
D:6:      layout_loops_corners
D:7:      layout_basic, lemuel_flamethrower_2, uniq_maggie, uniq_joseph
D:8:      layout_loops_ring, mainiacjoe_overflow_alcove_1,
          kiku_gazebo_pond_becter
D:9:      layout_long_grid, nemelex_diamond_rough_becter, erik_lair_dragon
D:10:     layout_loops_ring, nicolae_overflow_hidden_temple, lemuel_round_altar
D:11:     layout_basic, erik_orc_2, chequers_jeans
D:12:     layout_basic, serial_glass, glass_columns_a, glass_columns_b,
          nicolae_trove_entry_crossroad
D:13:     layout_irregular_city, uniq_kirke
D:14:     layout_gridville, david_vaults_3, old_standard_altar, special_room
          [special_room_mythical_zoo], hangedman_decor_clover_reticule,
          nicolae_burly_brawl
Temple:   nicolae_temple_ecumenical_triangle
Lair:1:   layout_chaotic_city, gauntlet_entry_generic
Gauntlet: gammafunk_gauntlet_shortcut [nicolae_gauntlet_swirl,
          nicolae_gauntlet_arena_blocks, gammafunk_gauntlet_arena_split_diamond,
          gammafunk_gauntlet_arena_arrow_garden, gammafunk_gauntlet_arena_grid,
          gammafunk_gauntlet_arena_spirals,
          nicolae_gauntlet_exit_dead_adventurers]

Skill      XL: |  1  2  3  4  5  6  7  8  9 10 11 12 13 |
---------------+----------------------------------------+-----
Long Blades    | 4 5 6 7 8 9 11 13 16 17 18 | 18.2
Dodging        | 4 5 6 7 9 10 11 | 11.1
Fighting       | 3 4 6 7 9 11 12 13 | 13.2
Armour         | 1 3 4 5 6 7 8 9 |  9.6
Stealth        | 1 2 3 4 6 |  6.6
Ranged Weapons | 2 3 |  3.7
Unarmed Combat | 3 5 |  5.1
Throwing       | |  2.5

Action                     |  1- 3 |  4- 6 |  7- 9 | 10-12 | 13-15 || total
---------------------------+-------+-------+-------+-------+-------++-------
  Melee: Long sword        |    59 |   119 |   317 |   435 |       ||   930
         Headbutt          |     9 |    18 |    71 |   162 |    29 ||   289
         Punch             |       |     1 |     6 |    10 |     2 ||    19
         Scimitar          |       |       |       |   108 |    87 ||   195
   Fire: Shortbow          |       |       |     8 |     7 |       ||    15
  Throw: Javelin           |       |     2 |       |       |       ||     2
         Throwing net      |       |     1 |       |     1 |       ||     2
 Invoke: Ancestor Life: He |       |       |       |     1 |       ||     1
    Use: Scroll            |       |    11 |     6 |     8 |     2 ||    27
         Potion            |       |       |       |     2 |     3 ||     5
   Stab: Held in net/web   |       |     2 |       |     1 |       ||     3
         Sleeping          |       |       |     1 |     2 |     1 ||     4
         Confused          |       |       |       |    11 |       ||    11
         Distracted        |       |       |       |     6 |     1 ||     7
 Armour: Leather armour    |     3 |       |       |       |       ||     3
         Ring mail         |    18 |    45 |    54 |       |       ||   117
         Acid dragon scale |       |       |    59 |   200 |    12 ||   271
  Dodge: Dodged            |    44 |    78 |   187 |   436 |    49 ||   794
